 Dungeon Crawl Stone Soup version 0.31-a0-237-g2d982f9f85 (webtiles) character file.

Game seed: 3983188163874081530

982 qw the Skirmisher (level 7, -1/62 HPs)
             Began as a Minotaur Hexslinger on July 11, 2023.
             Slain by an orc priest
             ... wielding a +0 club
              (3 damage)
             ... on level 6 of the Dungeon.
             The game lasted 00:01:45 (5046 turns).

qw the Skirmisher (Minotaur Hexslinger)             Turns: 5046, Time: 00:01:45

Health: -1/62      AC:  6    Str: 13    XL:     7   Next: 96%
Magic:  7/7        EV: 11    Int: 10    God:
Gold:   199        SH:  0    Dex: 14    Spells: 7/8 levels left

rFire   + . .        Y - +2 sling
rCold   . . .        (no shield)
rNeg    . . .        f - +0 ring mail
rPois   .            (helmet restricted)
rElec   .            m - +0 cloak
rCorr   .            (no gloves)
SInv    .            (no boots)
Will    .....        (no amulet)
Stlth   +            i - ring of protection from fire
HPRegen 0.30/turn    (no ring)
MPRegen 0.10/turn

%: no passive effects
@: about to teleport
A: horns 2, retaliatory headbutt
a: no special abilities


You were on level 6 of the Dungeon.
You visited 1 branch of the dungeon, and saw 6 of its levels.

You collected 298 gold pieces.
You spent 99 gold pieces at shops.


Innate Abilities, Weirdness & Mutations

You have a pair of horns on your head.
You reflexively headbutt those who attack you in melee.


   Skills:
 - Level 5.7 Fighting
 + Level 8.6 Ranged Weapons
 - Level 2.1 Armour
 - Level 2.1 Dodging
 - Level 1.0 Spellcasting
 - Level 2.0 Hexes


You had 7 spell levels left.
You knew the following spells:

 Your Spells              Type           Power      Damage    Failure   Level
a - Slow                  Hex            16%        N/A       32%         1

Your spell library contained the following spells:

 Spells                   Type           Power      Damage    Failure   Level
 Inner Flame              Hex/Fire       2%         N/A       82%         3
 Portal Projectile        Hex/Tloc       4%         N/A       82%         3
 Cause Fear               Hex            2%         N/A       97%         4

Inventory:

Hand Weapons
 Y - a +2 sling (weapon)
Armour
 f - a +0 ring mail (worn)
 m - a +0 cloak (worn)
Jewellery
 b - a ring of protection from fire
 i - a ring of protection from fire (left hand)
Scrolls
 n - 2 scrolls of identify
 o - a scroll of teleportation
Potions
 a - a potion of might {unknown}
 c - a potion of curing
 d - a potion of enlightenment
 e - a potion of cancellation
 g - a potion of heal wounds {unknown}
 h - a potion of mutation
 j - a potion of haste

Dungeon Overview and Level Annotations

Branches:
Dungeon (6/15)
 Temple: D:4-7

Altars:

Shops:
D:5 ?


Message History

The sling bullet closely misses the orc priest.
Something hits you.
The orc priest looks encouraged for a moment.
You shoot a sling bullet.
The sling bullet hits the orc priest but does no damage.
The orc priest is lightly wounded.
The orc priest misses you. Something hits you.
You shoot a sling bullet.
The sling bullet hits the orc priest but does no damage.
The orc priest is lightly wounded.
The orc priest looks encouraged for a moment.
Something hits you.
You shoot a sling bullet.
The sling bullet closely misses the orc priest.
The orc priest invokes the aid of Beogh against you.
Beogh smites you! Something hits you.
You shoot a sling bullet. The sling bullet hits the orc priest.
The orc priest is heavily wounded.
The orc priest invokes the aid of Beogh against you.
Beogh smites you!
You hear some strange, mumbled words.
A puff of flame appears from out of thin air!
The puff of flame hits you. You resist.
5044 ||| READING 2 scrolls of teleportation.
As you read the scroll of teleportation, it crumbles to dust.
You feel strangely unstable.
The orc priest hits you but does no damage.
Something hits you but does no damage.
You shoot a sling bullet.
The sling bullet closely misses the orc priest.
The orc wizard shouts!
The orc priest hits you but does no damage.
Something hits you.
The orc wizard gestures wildly while chanting.
The orc wizard flickers and vanishes!
You shoot a sling bullet. The sling bullet hits the orc priest.
The orc priest is severely wounded.
The orc priest begins to cast a cantrip, but forgets the words!
Something hits you. x2; The orc priest hits you with a +0 club.
You die...

#.###########.#
#. #.# ##.###.
#.# #####...##.
#.#
#...........
#.#
#.####...##.
#.# ##.###. #.#
#.# #. #.# #.#
#. #@# #.# #.
#{o...... ..#
## ##...>..# ##
.###### .# .#
.# ## .# #. #.


You could see an orc priest.

Vanquished Creatures
  A steam dragon (D:6)
  An ogre (D:5)
  2 black bears
  A bullfrog (D:6)
  2 scorpions (D:5)
  An orc priest (D:6)
  4 hounds
  2 iguanas
  An orc wizard (D:3)
  4 gnolls
  6 adders
  2 white imps
  2 dart slugs (D:3)
  8 orcs
  8 endoplasms
  A giant cockroach (D:1)
  5 goblins
  5 hobgoblins
  6 jackals
  4 quokkas
  5 ball pythons
  3 bats
  7 frilled lizards
  8 kobolds
  2 rats (D:1)
91 creatures vanquished.

Notes
Turn   | Place    | Note
-------+----------+-------------------------------------------
     0 | D:1      | qw the Minotaur Hexslinger began the quest for the Orb.
     0 | D:1      | Reached XP level 1. HP: 16/16 MP: 1/1
     0 | D:1      | 0 ||| qw: Version: 0.3-a-52-g30416fa
     0 | D:1      | 0 ||| qw: Game counter: 5707
     0 | D:1      | 0 ||| qw: Melee chars always use a shield: true
     0 | D:1      | 0 ||| qw: God list: Okawaru
     0 | D:1      | 0 ||| qw: Allow faded altars: false
     0 | D:1      | 0 ||| qw: Do Orc after clearing Dungeon:15 true
     0 | D:1      | 0 ||| qw: Do second Lair branch before Depths: true
     0 | D:1      | 0 ||| qw: Lair rune preference: random
     0 | D:1      | 0 ||| qw: Goals: Normal
     0 | D:1      | 0 ||| PLANNING D:1-11
   134 | D:1      | Reached skill level 3 in Ranged Weapons
   134 | D:1      | Reached XP level 2. HP: 23/23 MP: 2/2
   434 | D:1      | Reached XP level 3. HP: 29/29 MP: 3/3
   687 | D:1      | 687 ||| UPGRADING to +0 ring mail.
   697 | D:1      | 697 ||| DROPPING +0 robe.
   698 | D:1      | 698 ||| DRINKING 2 viscous dark potions.
   699 | D:1      | 699 ||| DROPPING scroll of poison.
  1550 | D:2      | 1550 ||| UPGRADING to ring of protection from fire.
  1551 | D:2      | 1551 ||| DROPPING +6 ring of intelligence.
  1552 | D:2      | 1552 ||| READING scroll labelled ZEEMNI YMNEDO.
  1605 | D:3      | Reached skill level 4 in Ranged Weapons
  1685 | D:3      | Found a faded altar of an unknown god.
  1819 | D:3      | Reached skill level 1 in Armour
  1842 | D:3      | HP: 4/29 [iguana (9)]
  1844 | D:3      | Reached XP level 4. HP: 6/36 MP: 4/4
  2166 | D:3      | HP: 6/36 [orc wizard/magic dart (7)]
  2166 | D:3      | HP: 2/36 [orc/+0 mace (4)]
  2168 | D:3      | Reached skill level 5 in Ranged Weapons
  2459 | D:3      | Reached XP level 5. HP: 41/41 MP: 5/5
  2524 | D:3      | 2524 ||| READING scroll labelled TILEKO MATEO.
  2525 | D:3      | 2525 ||| READING scroll labelled IWUJIU DACSY.
  3002 | D:4      | 3002 ||| UPGRADING to +0 cloak.
  3007 | D:4      | 3007 ||| READING scroll labelled HEGUUKH KIUDE.
  3008 | D:4      | 3008 ||| READING scroll labelled USTREG LYOTAOL.
  3009 | D:4      | 3009 ||| READING scroll labelled DIAFFAOLYI.
  3010 | D:4      | 3010 ||| DRINKING 2 clear potions.
  3011 | D:4      | 3011 ||| DROPPING potion of degeneration.
  3053 | D:5      | Entered Level 5 of the Dungeon
  3061 | D:5      | 3061 ||| STAIRDANCE
  3066 | D:4      | Reached skill level 3 in Fighting
  3093 | D:5      | 3093 ||| STAIRDANCE
  3097 | D:4      | HP: 10/45 [gnoll/+0 halberd (6)]
  3283 | D:5      | Reached skill level 6 in Ranged Weapons
  3285 | D:5      | Reached XP level 6. HP: 17/51 MP: 6/6
  3648 | D:5      | Reached skill level 7 in Ranged Weapons
  3808 | D:5      | Found Mablimn's Magic Scroll Shoppe.
  3821 | D:5      | 3821 ||| BUYING scroll of identify (22 gold).
  3821 | D:5      | Bought a scroll of identify for 22 gold pieces
  3821 | D:5      | 3821 ||| BUYING scroll of identify (22 gold).
  3821 | D:5      | Bought a scroll of identify for 22 gold pieces
  3821 | D:5      | 3821 ||| BUYING scroll of identify (22 gold).
  3821 | D:5      | Bought a scroll of identify for 22 gold pieces
  3821 | D:5      | 3821 ||| BUYING scroll of teleportation (33 gold).
  3821 | D:5      | Bought a scroll of teleportation for 33 gold pieces
  3882 | D:5      | Reached XP level 7. HP: 39/59 MP: 7/7
  4048 | D:5      | 4048 ||| READING scroll labelled KOZINA ERGHUPO.
  4049 | D:5      | 4049 ||| READING 2 scrolls labelled VECWUL XUTRYM.
  4144 | D:5      | 4144 ||| READING scroll labelled FOSUXE ZEFEOZXAR.
  4245 | D:5      | 4245 ||| READING scroll labelled UMEOXTISTRI.
  4246 | D:5      | 4246 ||| DRINKING 2 black potions.
  4247 | D:5      | 4247 ||| DRINKING 2 yellow potions.
  4248 | D:5      | 4248 ||| READING 5 scrolls of identify.
  4248 | D:5      | 4248 ||| IDENTIFYING inky potion
  4249 | D:5      | 4249 ||| READING 4 scrolls of identify.
  4249 | D:5      | 4249 ||| IDENTIFYING bubbling grey potion
  4250 | D:5      | 4250 ||| READING 3 scrolls of identify.
  4250 | D:5      | 4250 ||| IDENTIFYING emerald potion
  4251 | D:5      | 4251 ||| DROPPING potion of attraction.
  4252 | D:5      | 4252 ||| DROPPING potion of lignification.
  4253 | D:5      | 4253 ||| DROPPING scroll of torment.
  4283 | D:6      | Noticed a steam dragon
  4286 | D:6      | 4286 ||| FLEEEEING.
  4307 | D:6      | Killed a steam dragon
  4308 | D:6      | Reached skill level 8 in Ranged Weapons
  4309 | D:6      | 4309 ||| FLEEEEING.
  4310 | D:6      | 4310 ||| STAIRDANCE
  4506 | D:6      | 4506 ||| FLEEEEING.
  4507 | D:6      | 4507 ||| FLEEEEING.
  4508 | D:6      | 4508 ||| FLEEEEING.
  4509 | D:6      | 4509 ||| STAIRDANCE
  4533 | D:6      | 4533 ||| STAIRDANCE
  4710 | D:6      | 4710 ||| FLEEEEING.
  4711 | D:6      | 4711 ||| FLEEEEING.
  4712 | D:6      | 4712 ||| FLEEEEING.
  4713 | D:6      | 4713 ||| FLEEEEING.
  4714 | D:6      | 4714 ||| FLEEEEING.
  4715 | D:6      | 4715 ||| FLEEEEING.
  4716 | D:6      | 4716 ||| FLEEEEING.
  4717 | D:6      | 4717 ||| FLEEEEING.
  4718 | D:6      | 4718 ||| FLEEEEING.
  4719 | D:6      | 4719 ||| FLEEEEING.
  4720 | D:6      | 4720 ||| FLEEEEING.
  4721 | D:6      | 4721 ||| FLEEEEING.
  4722 | D:6      | 4722 ||| FLEEEEING.
  4723 | D:6      | 4723 ||| FLEEEEING.
  4724 | D:6      | 4724 ||| STAIRDANCE
  4789 | D:6      | 4789 ||| STAIRDANCE
  5030 | D:6      | 5030 ||| Stepping ~*~*~tactically~*~*~ (outnumbered).
  5032 | D:6      | 5032 ||| Stepping ~*~*~tactically~*~*~ (outnumbered).
  5043 | D:6      | HP: 12/62 [orc priest/divine providence (12)]
  5044 | D:6      | 5044 ||| READING 2 scrolls of teleportation.
  5046 | D:6      | HP: 4/62 [something (4)]
  5046 | D:6      | Slain by an orc priest

Levels and vault maps discovered:
D:1:      scummos_arrival_forest, layout_loops_ring
D:2:      layout_basic
D:3:      layout_loops_cross, hellmonk_ecumenical_altar_run_dry
D:4:      layout_rooms, corexii_leaking_fountain
D:5:      layout_gridville, serial_shops, shop
D:6:      layout_loops_ring

Skill      XL: |  1  2  3  4  5  6  7 |
---------------+----------------------+-----
Ranged Weapons | 3 4 5 6 7 8 |  8.6
Fighting       | 2 3 4 5 |  5.7
Armour         | 1 2 |  2.1
Dodging        | |  2.1
Spellcasting   | |  1.0
Hexes          | |  2.0

Action                     |  1- 3 |  4- 6 |  7- 9 || total
---------------------------+-------+-------+-------++-------
   Fire: Sling             |   148 |   132 |    83 ||   363
    Use: Scroll            |     1 |     5 |     8 ||    14
         Potion            |     1 |     1 |     2 ||     4
 Armour: Robe              |     5 |       |       ||     5
         Ring mail         |    14 |    45 |    38 ||    97
  Dodge: Dodged            |    47 |    63 |    53 ||   163

Table legend:
 A = Non-vault XP
 B = Vault XP
 C = Vault XP percentage of total XP
 D = Non-vault monster count
 E = Vault monster count
 F = Vault count percentage of total count
                 A         B        C        D         E       F
            +---------+---------+-------+---------+---------+-------
      Total |    1404 |       0 |   0.0 |      91 |       0 |   0.0
            +---------+---------+-------+---------+---------+-------
        D:1 |      50 |       0 |   0.0 |      33 |       0 |   0.0
        D:2 |       9 |       0 |   0.0 |       6 |       0 |   0.0
        D:3 |     143 |       0 |   0.0 |      18 |       0 |   0.0
        D:4 |     108 |       0 |   0.0 |      12 |       0 |   0.0
        D:5 |     621 |       0 |   0.0 |      13 |       0 |   0.0
        D:6 |     473 |       0 |   0.0 |       9 |       0 |   0.0
            +---------+---------+-------+---------+---------+-------
